 Dungeon Crawl Stone Soup version 0.29.0-4-gdea44cf6ec (webtiles) character file.

Game seed: 1045122173435536603

1910 qw the Cleaver (level 9, -2/64 HPs)
             Began as a Barachi Chaos Knight on Sept 4, 2022.
             Was an Initiate of Okawaru.
             Slain by a killer bee (5 damage)
             ... summoned by Xom
             ... on level 5 of the Dungeon.
             The game lasted 00:03:02 (6446 turns).

qw the Cleaver (Barachi Chaos Knight)               Turns: 6446, Time: 00:03:02

Health: -2/64      AC:  6    Str: 21      XL:     9   Next: 16%
Magic:  9/9        EV:  8    Int: 15 (16) God:    Okawaru [......]
Gold:   148        SH:  0    Dex: 10 (11) Spells: 8/8 levels left

rFire   . . .      SeeInvis .   Y - +1 hand axe (chaos)
rCold   . . .      Faith    .   (no shield)
rNeg    . . .      Spirit   .   h - +0 chain mail
rPois   .          Reflect  .   k - +0 helmet
rElec   .          Harm     .   (no cloak)
rCorr   .          Rampage  .   (no gloves)
Will    .....                   (no boots)
Stlth   ..........              (no amulet)
HPRegen 0.20/turn               l - +6 ring of strength
MPRegen 0.11/turn               (no ring)

@: lethally poisoned (-2 -> -10), about to teleport, slow
A: amphibious, slowness 1, strong legs 1, +LOS, clever 1, deformed body,
deterioration 2, frail 1, screaming 1, weak 1, wild magic 1, inability to read
after injury 1
a: Hop, Renounce Religion


You were on level 5 of the Dungeon.
You worshipped Okawaru.
Okawaru was noncommittal.
You visited 2 branches of the dungeon, and saw 8 of its levels.
You also visited: Sewer.

You collected 244 gold pieces.
You spent 96 gold pieces at shops.


Innate Abilities, Weirdness & Mutations

You are amphibious.
You cover ground slowly.
You can hop short distances.
You have an extended range of vision and can be seen from far away.
Your mind is acute. (Int +4, Str/Dex -1)
Armour fits poorly on your strangely shaped body.
Your body often deteriorates upon taking damage.
You are frail. (-10% HP)
You occasionally shout uncontrollably at your foes.
You are weak. (Str -2)
Your spells are a little harder to cast, but a little more powerful.
You occasionally lose the ability to read scrolls when taking damage.


   Skills:
 - Level 7.1 Fighting
 + Level 10.9 Axes
 - Level 4.8 Armour
 - Level 2.7 Dodging


You had 8 spell levels left.
You didn't know any spells.
Your spell library was empty.

Inventory:

Hand Weapons
 b - a +0 flail
 Y - a +1 hand axe of chaos (weapon)
Armour
 h - a +0 chain mail (worn)
 k - a +0 helmet (worn)
Jewellery
 l - a +6 ring of strength (left hand)
 o - a ring of resist corrosion
Scrolls
 i - a scroll of identify
Potions
 a - a potion of might
 d - a potion of attraction {unknown}
 e - a potion of resistance
 f - a potion of magic
 g - 2 potions of curing
 j - 2 potions of cancellation
Miscellaneous
 c - a piece from Xom's chessboard (15/15)

Dungeon Overview and Level Annotations

Branches:
Dungeon (7/15)             Temple (1/1) D:6           Sewer (visited)

Altars:
Ashenzari
Cheibriados
Dithmenos
Elyvilon
Hepliaklqana
Kikubaaqudgha
Makhleb
Nemelex Xobeh
Okawaru
Qazlal
Ru
Sif Muna
Trog
Yredelemnul
The Shining One

Shops:
D:2 !   D:3 [

Annotations:
D:4 1 runed translucent door, qw's ghost, amateur FoCA


Message History

6443 ||| READING scroll of teleportation.
As you read the scroll of teleportation, it crumbles to dust.
You feel strangely unstable.
You feel very sick.
The killer bee stings you but does no damage.
The killer bee closely misses you. The killer bee stings you.
You are more poisoned.
The killer bee poisons you!
The killer bee stings you but does no damage.
The killer bee stings you. The killer bee barely misses you.
Something hits you but does no damage.
6444 ||| DRINKING potion of heal wounds.
You feel much better.
You feel very sick. The killer bee completely misses you.
The killer bee stings you. The killer bee completely misses you.
The killer bee stings you but does no damage. x2
The killer bee barely misses you. The hound barely misses you.
Something hits you but does no damage.
You closely miss the killer bee.
The killer bee is heavily wounded.
You hit something but do no damage.
Nothing appears to happen.
You closely miss the hound. You barely miss the killer bee.
You hit the killer bee.
You feel sick. The killer bee barely misses you. The killer bee stings you. x2
The hound bites you.
The killer bee stings you but does no damage.
The killer bee closely misses you. The killer bee barely misses you.
A puff of frost appears from out of thin air!
The puff of frost hits you.
You closely miss the killer bee.
The killer bee is heavily wounded.
You hit the hound but do no damage. You hit the killer bee.
You burn the killer bee. You hit the killer bee.
The killer bee resists with some effort.
You hit something.
You feel sick. The hound bites you.
The killer bee stings you but does no damage.
The killer bee stings you.
You die...

# .## #.
..# #'###.#
...... #
....#
.#####
....#......
#..#.n.....
# #yyh....#
#.##@y.##.#
#...{#....#
####...####
#.#.# #.#.#
#.# #
####.#
#....#
#.####


You could see a necrophage (summoned, fast, confused), a hound (summoned) and 3
killer bees.

Vanquished Creatures
  Grinder (D:3)
  Sigmund (D:3)
  A water moccasin (D:7)
  A black bear (D:5)
  2 ice beasts (D:6)
  A sky beast (D:6)
  A centaur (D:6)
  A kobold brigand (D:4)
  2 necrophages (D:6)
  3 scorpions
  3 hounds
  2 jellies (D:7)
  Jessica (D:2)
  3 iguanas
  Natasha (D:2)
  An orc wizard (D:6)
  11 gnolls
  9 adders
  3 river rats (Sewer)
  An ufetubus (D:5)
  2 worms (D:3)
  3 dart slugs
  9 orcs
  7 bats
  4 endoplasms
  4 giant cockroaches
  4 goblins
  7 hobgoblins
  3 quokkas
  8 ball pythons
  6 frilled lizards
  2 hobgoblin zombies (D:4)
  9 kobolds
  2 kobold zombies (D:4)
  13 rats
132 creatures vanquished.

Vanquished Creatures (others)
  A kobold zombie (D:4)
1 creature vanquished.

Grand Total: 133 creatures vanquished

Notes
Turn   | Place    | Note
-------+----------+-------------------------------------------
     0 | D:1      | qw the Barachi Chaos Knight began the quest for the Orb.
     0 | D:1      | Reached XP level 1. HP: 18/18 MP: 1/1
     0 | D:1      | 0 ||| qw: Version: 0.1-a-102-g441f92d
     0 | D:1      | 0 ||| qw: Game counter: 5370
     0 | D:1      | 0 ||| qw: Always use a shield: true
     0 | D:1      | 0 ||| qw: God list: Okawaru
     0 | D:1      | 0 ||| qw: Allow faded altars: false
     0 | D:1      | 0 ||| qw: Do Orc after D:15 true
     0 | D:1      | 0 ||| qw: Do second Lair branch before Depths: true
     0 | D:1      | 0 ||| qw: Lair rune preference: random
     0 | D:1      | 0 ||| qw: Plans: Normal
     0 | D:1      | 0 ||| PLANNING D:1-11
     0 | D:1      | Fell from the grace of Xom
   179 | D:1      | Found a faded altar of an unknown god.
   487 | D:1      | 487 ||| Stepping ~*~*~tactically~*~*~ (hiding).
   498 | D:1      | Reached skill level 4 in Axes
   498 | D:1      | Reached XP level 2. HP: 24/24 MP: 2/2
   542 | D:1      | XOM: torment (13/24 hp)
   839 | D:1      | 839 ||| DROPPING +0 club.
   976 | D:1      | 976 ||| UPGRADING to +0 chain mail.
   986 | D:1      | 986 ||| DROPPING +2 leather armour.
   987 | D:1      | 987 ||| UPGRADING to +0 helmet.
   992 | D:1      | 992 ||| READING scroll labelled LAEVICV CEPSEF.
   993 | D:1      | 993 ||| READING scroll labelled WONENK ERIYRCHE.
   994 | D:1      | 994 ||| READING 2 scrolls labelled FIT IMYUTI.
   998 | D:1      | 998 ||| DRINKING 2 fuming sapphire potions.
  1014 | D:2      | 1014 ||| Stepping ~*~*~tactically~*~*~ (hiding).
  1023 | D:2      | Reached XP level 3. HP: 27/29 MP: 3/3
  1032 | D:2      | HP: 7/29 [gnoll/+0 club (5)]
  1033 | D:2      | 1033 ||| READING scroll of teleportation.
  1034 | D:2      | 1034 ||| DRINKING potion of heal wounds.
  1037 | D:2      | Reached skill level 5 in Axes
  1130 | D:2      | 1130 ||| FLEEEEING.
  1244 | D:2      | 1244 ||| DROPPING +3 whip.
  1245 | D:2      | 1245 ||| DROPPING +0 whip.
  1281 | D:2      | Reached XP level 4. HP: 36/36 MP: 4/4
  1300 | D:2      | 1300 ||| Stepping ~*~*~tactically~*~*~ (stealth).
  1375 | D:2      | XOM: give mutations
  1375 | D:2      | Gained mutation: Your magical capacity is low. (-10% MP)
                  | [Xom's mischief]
  1375 | D:2      | Gained mutation: You are clumsy. (Dex -2) [Xom's mischief]
  1375 | D:2      | Lost mutation: You are clumsy. (Dex -2) [Xom's mischief]
  1453 | D:2      | XOM: give mutations
  1453 | D:2      | Gained mutation: You have hidden genetic potential. [Xom's
                  | mischief]
  1453 | D:2      | Lost mutation: You have hidden genetic potential. [Xom's
                  | mischief]
  1518 | D:2      | Found Jokooh's Distillery.
  1518 | D:2      | Noticed Jessica
  1530 | D:2      | Killed Jessica
  1632 | D:2      | 1632 ||| BUYING potion of cancellation (96 gold).
  1632 | D:2      | Bought a potion of cancellation for 96 gold pieces
  1632 | D:2      | 1632 ||| SHOPLISTING potion of curing (36 gold, have 12).
  1632 | D:2      | 1632 ||| SHOPLISTING potion of heal wounds (60 gold, have
                  | 12).
  1632 | D:2      | 1632 ||| SHOPLISTING potion of mutation (96 gold, have 12).
  1756 | D:2      | 1756 ||| FLEEEEING.
  1757 | D:2      | 1757 ||| FLEEEEING.
  1758 | D:2      | 1758 ||| FLEEEEING.
  1759 | D:2      | 1759 ||| FLEEEEING.
  1760 | D:2      | 1760 ||| FLEEEEING.
  1761 | D:2      | 1761 ||| FLEEEEING.
  1762 | D:2      | 1762 ||| FLEEEEING.
  1763 | D:2      | 1763 ||| FLEEEEING.
  1764 | D:2      | 1764 ||| FLEEEEING.
  1765 | D:2      | 1765 ||| FLEEEEING.
  1766 | D:2      | 1766 ||| FLEEEEING.
  1767 | D:2      | 1767 ||| FLEEEEING.
  1768 | D:2      | 1768 ||| FLEEEEING.
  1769 | D:2      | 1769 ||| FLEEEEING.
  1770 | D:2      | 1770 ||| FLEEEEING.
  1771 | D:2      | 1771 ||| FLEEEEING.
  1772 | D:2      | 1772 ||| FLEEEEING.
  1773 | D:2      | 1773 ||| FLEEEEING.
  1774 | D:2      | 1774 ||| FLEEEEING.
  1775 | D:2      | 1775 ||| FLEEEEING.
  1776 | D:2      | 1776 ||| FLEEEEING.
  1777 | D:2      | 1777 ||| FLEEEEING.
  1778 | D:2      | 1778 ||| FLEEEEING.
  1779 | D:2      | 1779 ||| FLEEEEING.
  1780 | D:2      | 1780 ||| FLEEEEING.
  1795 | D:2      | XOM: divination: detect creatures
  1876 | D:2      | Noticed Natasha
  1877 | D:2      | 1877 ||| Stepping ~*~*~tactically~*~*~ (stealth).
  1885 | D:2      | Reached skill level 6 in Axes
  1897 | D:2      | 1897 ||| Stepping ~*~*~tactically~*~*~ (stealth).
  1920 | D:2      | Killed Natasha
  1921 | D:2      | Reached XP level 5. HP: 29/42 MP: 4/4
  2150 | D:2      | 2150 ||| UPGRADING to +6 ring of strength.
  2151 | D:2      | 2151 ||| READING scroll labelled WIAREPP JELL.
  2152 | D:2      | 2152 ||| READING scroll labelled IDACWE BIWKEXE.
  2153 | D:2      | 2153 ||| READING scroll labelled GINOZX FUPAI.
  2154 | D:2      | 2154 ||| DRINKING 2 grey potions.
  2181 | D:2      | 2181 ||| DRINKING 2 golden potions.
  2182 | D:2      | 2182 ||| DROPPING potion of lignification.
  2206 | D:3      | 2206 ||| PLANNING SEWER
  2208 | D:3      | 2208 ||| STAIRDANCE
  2216 | D:3      | 2216 ||| STAIRDANCE
  2261 | D:3      | 2261 ||| STAIRDANCE
  2272 | D:3      | Found a glowing drain.
  2358 | Sewer    | Entered a sewer
  2440 | Sewer    | XOM: 1-stop teleportation journey
  2493 | Sewer    | XOM: summons 1 hostile demon
  2628 | Sewer    | XOM: give mutations
  2628 | Sewer    | Gained mutation: Your spells are a little harder to cast,
                  | but a little more powerful. [Xom's mischief]
  2628 | Sewer    | Gained mutation: Your muscles are strong. (Str +4, Int/Dex
                  | -1) [Xom's mischief]
  2628 | Sewer    | Gained mutation: Your body sometimes deteriorates upon
                  | taking damage. [Xom's mischief]
  2628 | Sewer    | Gained mutation: Your body often deteriorates upon taking
                  | damage. [Xom's mischief]
  2838 | Sewer    | Reached XP level 6. HP: 42/48 MP: 5/5
  2907 | Sewer    | 2907 ||| READING scroll labelled UHAEMY JUCAFAOZY.
  2908 | Sewer    | 2908 ||| READING 2 scrolls of identify.
  2908 | Sewer    | 2908 ||| IDENTIFYING brown potion
  2909 | Sewer    | 2909 ||| READING scroll of teleportation.
  2929 | D:3      | 2929 ||| PLANNING D:1-11
  2951 | D:3      | Noticed Sigmund
  2952 | D:3      | 2952 ||| Stepping ~*~*~tactically~*~*~ (hiding).
  2961 | D:3      | 2961 ||| FLEEEEING.
  2962 | D:3      | 2962 ||| FLEEEEING.
  2963 | D:3      | 2963 ||| DRINKING potion of curing.
  2963 | D:3      | 2963 ||| (to cure confusion)
  2964 | D:3      | 2964 ||| FLEEEEING.
  2965 | D:3      | 2965 ||| FLEEEEING.
  2971 | D:3      | 2971 ||| FLEEEEING.
  2972 | D:3      | 2972 ||| FLEEEEING.
  2973 | D:3      | 2973 ||| FLEEEEING.
  2974 | D:3      | 2974 ||| FLEEEEING.
  2975 | D:3      | 2975 ||| FLEEEEING.
  2976 | D:3      | 2976 ||| FLEEEEING.
  2977 | D:3      | 2977 ||| STAIRDANCE
  3106 | D:2      | 3106 ||| READING scroll labelled VIEFOD NUAHOMN.
  3107 | D:2      | 3107 ||| DRINKING 2 lumpy purple potions.
  3108 | D:2      | 3108 ||| DROPPING potion of invisibility.
  3111 | D:3      | 3111 ||| STAIRDANCE
  3131 | D:3      | Killed Sigmund
  3132 | D:3      | Reached skill level 7 in Axes
  3301 | D:3      | Noticed Grinder
  3302 | D:3      | 3302 ||| Stepping ~*~*~tactically~*~*~ (hiding).
  3304 | D:3      | 3304 ||| Stepping ~*~*~tactically~*~*~ (hiding).
  3305 | D:3      | Paralysed by Grinder for 2 turns
  3328 | D:3      | Killed Grinder
  3329 | D:3      | Reached XP level 7. HP: 26/54 MP: 6/6
  3448 | D:3      | XOM: give mutation
  3448 | D:3      | Gained mutation: You are frail. (-10% HP) [Xom's mischief]
  3579 | D:3      | 3579 ||| Stepping ~*~*~tactically~*~*~ (hiding).
  3580 | D:3      | 3580 ||| Stepping ~*~*~tactically~*~*~ (stealth).
  3581 | D:3      | 3581 ||| Stepping ~*~*~tactically~*~*~ (stealth).
  3582 | D:3      | 3582 ||| Stepping ~*~*~tactically~*~*~ (stealth).
  3586 | D:3      | Reached skill level 8 in Axes
  3793 | D:3      | Found Biorud's Antique Armour Shoppe.
  3797 | D:3      | 3797 ||| SHOPLISTING pair of boots (112 gold, have 61).
  3797 | D:3      | 3797 ||| SHOPLISTING pair of shimmering boots (237 gold,
                  | have 61).
  3797 | D:3      | 3797 ||| SHOPLISTING runed plate armour (650 gold, have
                  | 61).
  3831 | D:3      | 3831 ||| READING scroll labelled XOELYM TEEXIE.
  3832 | D:3      | 3832 ||| DRINKING 2 smoky amethyst potions.
  3833 | D:3      | 3833 ||| READING 2 scrolls of identify.
  3833 | D:3      | 3833 ||| IDENTIFYING sapphire potion
  3834 | D:3      | 3834 ||| DROPPING potion of brilliance.
  3871 | D:4      | 3871 ||| Stepping ~*~*~tactically~*~*~ (stealth).
  3872 | D:4      | 3872 ||| Stepping ~*~*~tactically~*~*~ (stealth).
  4030 | D:4      | 4030 ||| Stepping ~*~*~tactically~*~*~ (stealth).
  4042 | D:4      | 4042 ||| FLEEEEING.
  4043 | D:4      | 4043 ||| FLEEEEING.
  4052 | D:4      | 4052 ||| STAIRDANCE
  4107 | D:4      | 4107 ||| Stepping ~*~*~tactically~*~*~ (stealth).
  4216 | D:4      | Found a runed translucent door.
  4216 | D:4      | Noticed qw's ghost (amateur FoCA)
  4389 | D:4      | 4389 ||| Stepping ~*~*~tactically~*~*~ (stealth).
  4413 | D:4      | 4413 ||| Stepping ~*~*~tactically~*~*~ (stealth).
  4428 | D:4      | 4428 ||| Stepping ~*~*~tactically~*~*~ (stealth).
  4429 | D:4      | 4429 ||| Stepping ~*~*~tactically~*~*~ (stealth).
  4430 | D:4      | 4430 ||| Stepping ~*~*~tactically~*~*~ (stealth).
  4518 | D:4      | XOM: noise
  4555 | D:4      | You fall into a shaft and drop 3 floors!
  4575 | D:7      | Reached XP level 8. HP: 55/55 MP: 7/7
  4628 | D:7      | Reached skill level 9 in Axes
  4812 | D:7      | XOM: 4-stop teleportation journey
  4944 | D:7      | XOM: stat loss: -1 Str (25/26)
  4952 | D:7      | 4952 ||| READING scroll labelled NEUXKIEKAFF.
  4953 | D:7      | 4953 ||| READING 2 scrolls of identify.
  4953 | D:7      | 4953 ||| IDENTIFYING green potion
  4954 | D:7      | 4954 ||| DROPPING potion of flight.
  4968 | D:6      | Reached skill level 6 in Fighting
  5144 | D:6      | Found a staircase to the Ecumenical Temple.
  5145 | D:6      | 5145 ||| PLANNING TEMPLE
  5150 | D:6      | 5150 ||| Stepping ~*~*~tactically~*~*~ (stealth).
  5153 | D:6      | 5153 ||| Stepping ~*~*~tactically~*~*~ (stealth).
  5155 | D:6      | 5155 ||| Stepping ~*~*~tactically~*~*~ (stealth).
  5200 | D:6      | 5200 ||| READING 2 scrolls of teleportation.
  5208 | D:6      | 5208 ||| Stepping ~*~*~tactically~*~*~ (hiding).
  5209 | D:6      | 5209 ||| Stepping ~*~*~tactically~*~*~ (hiding).
  5328 | D:6      | 5328 ||| DRINKING 2 white potions.
  5328 | D:6      | Lost mutation: You are frail. (-10% HP) [potion of
                  | mutation]
  5328 | D:6      | Lost mutation: Your muscles are strong. (Str +4, Int/Dex
                  | -1) [potion of mutation]
  5328 | D:6      | Gained mutation: Armour fits poorly on your strangely
                  | shaped body. [potion of mutation]
  5328 | D:6      | Gained mutation: Your muscles are strong. (Str +4, Int/Dex
                  | -1) [potion of mutation]
  5328 | D:6      | Gained mutation: You are frail. (-10% HP) [potion of
                  | mutation]
  5329 | D:6      | 5329 ||| DRINKING potion of mutation.
  5329 | D:6      | Lost mutation: Your muscles are strong. (Str +4, Int/Dex
                  | -1) [potion of mutation]
  5329 | D:6      | Lost mutation: You are frail. (-10% HP) [potion of
                  | mutation]
  5329 | D:6      | Lost mutation: Your magical capacity is low. (-10% MP)
                  | [potion of mutation]
  5329 | D:6      | Gained mutation: You are frail. (-10% HP) [potion of
                  | mutation]
  5329 | D:6      | Gained mutation: Your mind is acute. (Int +4, Str/Dex -1)
                  | [potion of mutation]
  5329 | D:6      | Gained mutation: You are weak. (Str -2) [potion of
                  | mutation]
  5337 | Temple   | Entered the Ecumenical Temple
  5346 | Temple   | Became a worshipper of Warmaster Okawaru
  5351 | Temple   | 5351 ||| PLANNING D:1-11
  5415 | D:6      | Reached skill level 10 in Axes
  5470 | D:6      | 5470 ||| Stepping ~*~*~tactically~*~*~ (stealth).
  5471 | D:6      | 5471 ||| Stepping ~*~*~tactically~*~*~ (stealth).
  5472 | D:6      | 5472 ||| Stepping ~*~*~tactically~*~*~ (stealth).
  5844 | D:6      | 5844 ||| Stepping ~*~*~tactically~*~*~ (stealth).
  5845 | D:6      | 5845 ||| Stepping ~*~*~tactically~*~*~ (stealth).
  5866 | D:6      | Reached XP level 9. HP: 45/64 MP: 9/9
  5959 | D:6      | 5959 ||| DRINKING 2 fuming blue potions.
  5961 | D:6      | 5961 ||| Stepping ~*~*~tactically~*~*~ (stealth).
  5966 | D:6      | 5966 ||| Stepping ~*~*~tactically~*~*~ (stealth).
  5967 | D:6      | 5967 ||| Stepping ~*~*~tactically~*~*~ (stealth).
  6080 | D:5      | Entered Level 5 of the Dungeon
  6082 | D:5      | 6082 ||| Stepping ~*~*~tactically~*~*~ (stealth).
  6084 | D:5      | 6084 ||| Stepping ~*~*~tactically~*~*~ (stealth).
  6085 | D:5      | 6085 ||| Stepping ~*~*~tactically~*~*~ (stealth).
  6193 | D:5      | XOM: give mutations
  6193 | D:5      | Gained mutation: You occasionally lose the ability to read
                  | scrolls when taking damage. [Xom's mischief]
  6193 | D:5      | Gained mutation: You occasionally shout uncontrollably at
                  | your foes. [Xom's mischief]
  6218 | D:5      | XOM: 1-stop teleportation journey
  6435 | D:5      | XOM: summons 4 hostile shadow creatures
  6442 | D:5      | HP: 15/64 [something (4)]
  6443 | D:5      | 6443 ||| READING scroll of teleportation.
  6443 | D:5      | HP: 6/64 [killer bee[Xom] (3)]
  6444 | D:5      | 6444 ||| DRINKING potion of heal wounds.
  6446 | D:5      | Slain by a killer bee

Levels and vault maps discovered:
D:1:      lemuel_arrival_broad_hall, layout_loops_corners,
          shapermc_ecumenical_altar_pompeii, minmay_statues_item,
          hangedman_decor_points
D:2:      layout_basic, serial_glass, glass_columns_a, glass_columns_a,
          serial_shops, shop, uniq_natasha, uniq_jessica
D:3:      layout_rooms, cheibrodos_sewer_entry_drain, serial_shops,
          nicolae_diamond_shop, uniq_sigmund, uniq_grinder
D:4:      cheibrodos_thug_alley, layout_basic, ebering_ghost_inner_flame,
          minmay_mini_ossuary
D:5:      layout_basic, nicolae_uskayaw_murder_on_the_dancefloor, serial_shops,
          nicolae_shop_hallway_plus, amcnicky_mini_pool_small,
          minmay_increasing_density, uniq_eustachio, uniq_crazy_yiuf_cottage,
          uniq_edmund
D:6:      layout_rooms, minmay_temple_entry_slanted,
          minmay_misc_feat_nine_boxes, uniq_maggie
D:7:      layout_basic, serial_rivers, chequers_serial_rivers_micro_a,
          chequers_serial_rivers_micro_d, chequers_serial_rivers_micro_a,
          chequers_serial_rivers_micro_e, chequers_serial_rivers_micro_e
Temple:   compressed_dpeg_triangle_lava_temple

Skill      XL: |  1  2  3  4  5  6  7  8 |
---------------+-------------------------+-----
Axes           | 4 5 6 7 8 10 | 10.9
Fighting       | 4 5 7 |  7.1
Armour         | 4 |  4.8
Dodging        | 2 |  2.7

Action                   |  1- 3 |  4- 6 |  7- 9 || total
-------------------------+-------+-------+-------++-------
Melee: Hand axe          |    55 |   163 |   278 ||   496
       Punch             |     1 |     2 |     1 ||     4
Invok: Renounce Religion |     1 |       |       ||     1
  Use: Scroll            |     4 |     7 |     6 ||    17
       Potion            |     2 |     4 |     5 ||    11
 Stab: Paralysed         |       |     1 |       ||     1
       Invisible         |       |     3 |       ||     3
       Sleeping          |       |       |     1 ||     1
Armor: Leather armour    |     6 |       |       ||     6
       Chain mail        |    28 |    74 |   119 ||   221
Dodge: Dodged            |    23 |    46 |   101 ||   170

Table legend:
 A = Non-vault XP
 B = Vault XP
 C = Vault XP percentage of total XP
 D = Non-vault monster count
 E = Vault monster count
 F = Vault count percentage of total count
                 A         B        C        D         E       F
            +---------+---------+-------+---------+---------+-------
      Total |    1921 |     808 |  29.6 |      91 |      41 |  31.1
            +---------+---------+-------+---------+---------+-------
        D:1 |      19 |       0 |   0.0 |      11 |       0 |   0.0
        D:2 |     110 |      74 |  40.2 |      26 |       3 |  10.3
        D:3 |      78 |     499 |  86.5 |      15 |       4 |  21.1
        D:4 |      99 |     117 |  54.2 |       8 |      16 |  66.7
        D:5 |     345 |       0 |   0.0 |       9 |       0 |   0.0
        D:6 |     865 |       0 |   0.0 |      16 |       0 |   0.0
        D:7 |     405 |       0 |   0.0 |       6 |       0 |   0.0
      Sewer |       0 |     118 | 100.0 |       0 |      18 | 100.0
            +---------+---------+-------+---------+---------+-------
